 Dungeon Sprint DCSS version 0.23-b1-84-g6588a6b (webtiles) character file.

Game seed: 5049018329705648492

116 Yuikono the Covered (level 4, 0/45 HPs)
             Began as a Minotaur Fighter on Feb 7, 2019.
             Killed from afar by a deep elf mage (24 damage)
             ... with a bolt of negative energy
             ... in the Dungeon (Sprint III: "The Ten Rune Challenge").
             The game lasted 00:01:38 (607 turns).

Yuikono the Covered (Minotaur Fighter)               Turns: 607, Time: 00:01:39

Health: 0/45       AC:  8    Str: 21    XL:     4   Next: 69%
Magic:  3/3        EV:  7    Int:  5    God:
Gold:   46         SH:  9    Dex: 10    Spells: 3/3 levels left

rFire    . . .     SeeInvis .   a - +0 long sword
rCold    . . .     Gourm    .   c - +0 shield
rNeg     . . .     Faith    .   b - +0 scale mail
rPois    .         Spirit   .   (helmet restricted)
rElec    .         Reflect  .   l - +0 cloak
rCorr    .         Harm     .   (no gloves)
MR       .....     NoTele   +   (no boots)
Stlth    ..........             (no amulet)
HPRegen  0.15/turn              (no ring)
MPRegen  0.08/turn              (no ring)

@: heavily drained
A: retaliatory headbutt, horns 2
a: no special abilities


You were in the Dungeon.
You were not hungry.

You visited 1 branch You collected 46 gold pieces.

Inventory:

Hand Weapons
 a - a +0 long sword (weapon)
Armour
 b - a +0 scale mail (worn)
 c - a +0 shield (worn)
 l - a +0 cloak (worn)
Scrolls
 k - a scroll of blinking
 n - a scroll of torment {unknown}
 o - a scroll of fear {unknown}
 p - a scroll of enchant armour {unknown}
 r - a scroll of holy word {unknown}
 s - a scroll of identify {unknown}
 t - 2 scrolls of remove curse
Potions
 d - a potion of might
 e - a potion of curing
 h - a potion of haste
 i - 2 potions of magic
 j - a potion of berserk rage
 m - 2 potions of mutation {unknown}
 q - 6 potions of flight
 u - a potion of ambrosia {unknown}
Comestibles
 f - 3 rations


   Skills:
 + Level 6.6(4.9) Fighting
 + Level 6.0(4.3) Long Blades
 + Level 6.7(4.9) Armour
 + Level 6.6(4.9) Shields


You had 3 spell levels left.
You didn't know any spells.
Your spell library was empty.

Dungeon Overview and Level Annotations

Branches:
Dungeon (1/1)

Altars:
Elyvilon
Zin
The Shining One


Innate Abilities, Weirdness & Mutations

You reflexively headbutt those who attack you in melee.
You have a pair of horns on your head.


Message History

* * * LOW HITPOINT WARNING * * *
Unknown command.
You feel much better.
The deep elf mage hits you but does no damage.
Unknown command.
You closely miss the deep elf mage. The deep elf mage barely misses you.
You riposte.
You slash the deep elf mage! You headbutt the deep elf mage.
The deep elf mage is moderately wounded.
You miss the deep elf mage. Your headbutt misses the deep elf mage.
The deep elf mage is moderately wounded.
The deep elf mage hits you with a +1 long sword of holy wrath.
You hit the deep elf mage. Your headbutt misses the deep elf mage.
The deep elf mage is moderately wounded.
The deep elf mage mumbles some strange words.
You hit the deep elf mage. Your headbutt misses the deep elf mage.
The deep elf mage is heavily wounded.
The deep elf mage points at you and mumbles some strange words.
The bolt of negative energy hits you!!
You feel drained.
Ouch! That really hurt!
You die...

▓▓▓▓▓ ▓▓▓ #...####
##.#####
#......#####..#___#
#.......#..#..#...#
##.##...#..#..###'#+###+#
##.###..##'#..#..........
###.##..###...'.@........
#..##.÷####...#.er######+
...##..###....#.s.#
..##...##.....#...#
.##....#..)...#+###
###..##.#.....# #
#..#####....# ▓ ▓▓▓▓
▓▓▓▓▓▓


You could see a demonic crawler, a deep elf mage and a hell rat.

Vanquished Creatures
  A water elemental (D)
  Crazy Yiuf (D)
  A human (D)
  2 oozes (D)
  2 rats (D)
7 creatures vanquished.

Vanquished Creatures (others)
  2 draconian scorchers (D)
  A yaktaur (D)
  6 hellions (D)
9 creatures vanquished.

Grand Total: 16 creatures vanquished

Notes
Turn   | Place    | Note
-------+----------+-------------------------------------------
     0 | D        | Yuikono the Minotaur Fighter began the quest for the Orb.
     0 | D        | Reached XP level 1. HP: 19/19 MP: 0/0
    42 | D        | Killed a yaktaur
    91 | D        | Killed a hellion
   102 | D        | Killed a hellion
   102 | D        | Killed a hellion
   106 | D        | Reached XP level 2. HP: 24/28 MP: 1/1
   128 | D        | Killed a white draconian scorcher
   128 | D        | Killed a hellion
   138 | D        | Killed a hellion
   142 | D        | Killed a white draconian scorcher
   211 | D        | Reached skill level 5 in Fighting
   211 | D        | Reached skill level 5 in Armour
   211 | D        | Reached skill level 5 in Shields
   211 | D        | Reached XP level 3. HP: 5/36 MP: 2/2
   242 | D        | Killed a hellion
   468 | D        | Noticed Crazy Yiuf
   471 | D        | Killed Crazy Yiuf
   471 | D        | Reached skill level 5 in Long Blades
   484 | D        | Noticed a water elemental
   494 | D        | Killed a water elemental
   494 | D        | Reached XP level 4. HP: 29/45 MP: 3/3
   587 | D        | Found a glowing silver altar of Zin.
   588 | D        | Found a glowing golden altar of the Shining One.
   588 | D        | Found a white marble altar of Elyvilon.
   588 | D        | Noticed a deep elf mage
   607 | D        | Noticed a demonic crawler
   607 | D        | Killed from afar by a deep elf mage

Skill      XL: |  1  2  3 |
---------------+----------+-----
Fighting       | 4 5 6 |  6.6
Long Blades    | 3 4 6 |  6.0
Armour         | 4 5 6 |  6.7
Shields        | 4 5 6 |  6.6

Action                   |  1- 3 |  4- 6 || total
-------------------------+-------+-------++-------
Melee: Long sword        |    41 |    11 ||    52
       Headbutt          |     9 |     2 ||    11
  Use: Potion            |       |     1 ||     1
Armor: Scale mail        |     9 |     2 ||    11
Dodge: Dodged            |     8 |     3 ||    11
Block: Shield            |    20 |     1 ||    21
       Rpst.: Long sword |     2 |     2 ||     4
